 Dungeon Crawl Stone Soup version 0.26-a0-682-g294304f6e8 (webtiles) character file.

Game seed: 18062997293698990164

402 Decritt the Skirmisher (level 6, 0/57 HPs)
             Began as a Hill Orc Fighter on Oct 20, 2020.
             Slain by Natasha (8 damage)
             ... on level 4 of the Dungeon.
             The game lasted 00:08:35 (3579 turns).

Decritt the Skirmisher (Hill Orc Fighter)           Turns: 3579, Time: 00:08:35

Health: 0/57       AC:  6    Str: 21    XL:     6   Next: 85%
Magic:  6/6        EV:  8    Int:  8    God:
Gold:   164        SH:  9    Dex: 10    Spells: 5/5 levels left

rFire    . . .     SeeInvis .   a - +0 war axe
rCold    . . .     Faith    .   c - +0 kite shield
rNeg     . . .     Spirit   .   i - +0 ring mail (curse)
rPois    .         Reflect  .   (no helmet)
rElec    .         Harm     .   (no cloak)
rCorr    .         Rampage  .   (no gloves)
MR       .....                  (no boots)
Stlth    ..........             (no amulet)
HPRegen  0.19/turn              k - ring of flight
MPRegen  0.10/turn              (no ring)

@: no status effects
A: no striking features
a: Evoke Flight


You were on level 4 of the Dungeon.
You visited 1 branch of the dungeon, and saw 4 of its levels.

You collected 164 gold pieces.

Inventory:

Hand Weapons
 a - a +0 war axe (weapon)
Missiles
 u - 4 boomerangs (quivered)
Armour
 b - a +0 scale mail
 c - a +0 kite shield (worn)
 i - a cursed +0 ring mail (worn)
Jewellery
 k - a ring of flight (left hand)
Scrolls
 e - a scroll of fear {unknown}
 g - a scroll of remove curse {unknown}
 h - 4 scrolls of identify {unknown}
 j - a scroll of enchant armour {unknown}
 m - 4 scrolls of teleportation {unknown}
 n - 2 scrolls of amnesia {unknown}
 o - a scroll of noise {unknown}
 p - a scroll of random uselessness {unknown}
 r - a scroll of blinking {unknown}
 s - 2 scrolls of fog {unknown}
Potions
 d - a potion of might
 f - a potion of berserk rage {unknown}
 l - a potion of heal wounds {unknown}
 q - 2 potions of curing {unknown}
 t - a potion of mutation {unknown}
 v - a potion of resistance


   Skills:
 * Level 5.8 Fighting
 * Level 5.8 Axes
 + Level 4.5 Armour
 + Level 4.4 Shields


You had 5 spell levels left.
You didn't know any spells.
Your spell library contained the following spells:

 Spells                   Type           Power        Failure   Level
 Magic Dart               Conj           #...         95%         1
 Blink                    Tloc           N/A          99%         2
 Call Imp                 Summ           #.......     99%         2
 Slow                     Hex            #.......     99%         2
 Conjure Flame            Conj/Fire      #.......     100%        3
 Mephitic Cloud           Conj/Pois/Air  #.......     100%        3


Dungeon Overview and Level Annotations

Branches:
Dungeon (4/15)
 Temple: D:4-7

Altars:
Dithmenos
Kikubaaqudgha
Makhleb
Qazlal

Annotations:
D:4 Natasha


Message History

The crimson imp closely misses you. The white imp gestures at you.
The puff of frost hits you!
* * * LOW HITPOINT WARNING * * *
The crimson imp barely misses you.
You hit Natasha but do no damage.
Natasha is moderately wounded.
You slash the crimson imp! You block Natasha's attack.
The crimson imp hits you but does no damage.
You slash Natasha!
Natasha is almost dead.
You miss the crimson imp. You closely miss the shadow imp.
Natasha zaps a wand.
The puff of flame hits you.
* * * LOW HITPOINT WARNING * * *
You block the shadow imp's attack.
The crimson imp blinks!
You barely miss Natasha.
Natasha is almost dead.
You hit the white imp but do no damage. You hit the shadow imp.
Natasha claws you!
You die...

...........<.##
#.................#.# ######..
#...................# ......#
#...................# #######
##.....[.............# #
#.......$............#
#....................# ######
#...h5................
...(.####..#...5@................
###...)......5...................
##.....###......................
##..##..# #......................
#.### ..##......................
.## .##...................... ##
.#...................... #
...............>....... #######
......................


You could see Natasha (resistant), a crimson imp (summoned), a white imp
(summoned) and a shadow imp (summoned).

Vanquished Creatures
  A scorpion (D:4)
  A howler monkey (D:3)
  An orc priest (D:4)
  2 orc wizards (D:4)
  A howler monkey skeleton (D:4)
  7 adders
  3 gnolls (D:4)
  3 worms
  2 dart slugs (D:1)
  2 leopard geckos
  11 orcs
  7 bats
  3 giant cockroaches
  14 goblins
  12 hobgoblins
  8 jackals
  9 kobolds
  A quokka (D:3)
  2 ball pythons
  A ball python skeleton (D:4)
  8 frilled lizards
  7 rats
106 creatures vanquished.

Notes
Turn   | Place    | Note
-------+----------+-------------------------------------------
     0 | D:1      | Decritt the Hill Orc Fighter began the quest for the Orb.
     0 | D:1      | Reached XP level 1. HP: 19/19 MP: 1/1
   113 | D:1      | Reached XP level 2. HP: 27/27 MP: 2/2
   746 | D:1      | Reached XP level 3. HP: 33/33 MP: 3/3
  1115 | D:2      | Reached XP level 4. HP: 40/41 MP: 4/4
  1511 | D:2      | Found a stormy altar of Qazlal.
  1918 | D:3      | Reached XP level 5. HP: 42/47 MP: 5/5
  2329 | D:3      | Reached skill level 5 in Fighting
  2331 | D:3      | Found a shadowy altar of Dithmenos.
  2334 | D:3      | Found a burning altar of Makhleb.
  2337 | D:3      | Found an ancient bone altar of Kikubaaqudgha.
  2502 | D:3      | Found a faded altar of an unknown god.
  2831 | D:4      | Reached skill level 5 in Axes
  2904 | D:4      | Reached XP level 6. HP: 48/56 MP: 6/6
  3568 | D:4      | Noticed Natasha
  3579 | D:4      | Slain by Natasha

Illustrated notes

Levels and vault maps discovered:
D:1:      evilmike_arrival_crescent, layout_loops_ring, minmay_tetromino_s4
D:2:      kennysheep_the_goblin_king, layout_rooms,
          nicolae_qazlal_general_emergency, minmay_cut_off
D:3:      layout_loops_ring, grunt_temple_overflow_diamond,
          chequers_ecumenical_altar_twisty
D:4:      layout_layer_cave, uniq_natasha

Skill      XL: |  1  2  3  4  5 |
---------------+----------------+-----
Axes           | 3 4 5 |  5.8
Fighting       | 4 5 |  5.8
Armour         | 4 |  4.5
Shields        | 4 |  4.4

Action                   |  1- 3 |  4- 6 || total
-------------------------+-------+-------++-------
Melee: War axe           |    86 |   219 ||   305
Throw: Boomerang         |       |    15 ||    15
 Abil: Evoke Flight      |       |     1 ||     1
Armor: Scale mail        |    15 |       ||    15
       Ring mail         |    17 |    72 ||    89
Dodge: Dodged            |    32 |    77 ||   109
Block: Kite shield       |    47 |   123 ||   170

Table legend: (Time is in decaauts)
 A = Elapsed time spent in this place.
 B = Non-inter-level travel time spent in this place.
 C = Inter-level travel time spent in this place.
 D = Time resting spent in this place.
 E = Time spent auto-exploring this place.
 F = Levels seen in this place.
 G = Mean time per level.
                   A        B        C        D        E       F      G
               +--------+--------+--------+--------+--------+-----+--------+
         Total |   3694 |   3633 |     61 |      0 |   2953 |   4 |  923.5 |
       Dungeon |   3694 |   3633 |     61 |      0 |   2953 |   4 |  923.5 |
               +--------+--------+--------+--------+--------+-----+--------+

Top non-repeatable levels by time:
     D:1: 984 daAuts
     D:4: 983 daAuts
     D:3: 898 daAuts
     D:2: 828 daAuts
